 Dungeon Crawl Stone Soup version 0.29.1-15-g9cfb28693d (webtiles) character file.

Game seed: 14786957309102567376

1899 mishael the Conjurer (level 8, -5/57 HPs)
             Began as a White Draconian Fire Elementalist on Apr 17, 2023.
             Slain by Prince Ribbit (10 damage)
             ... on level 6 of the Dungeon.
             The game lasted 00:37:51 (8316 turns).

mishael the Conjurer (DrFE)                         Turns: 8316, Time: 00:37:52

Health: -5/57      AC:  7    Str: 12    XL:     8   Next: 93%
Magic:  2/15       EV: 12    Int: 17    God:
Gold:   217        SH:  0    Dex: 11    Spells: 8/16 levels left

rFire   . . .      SeeInvis .   d - +0 dagger (vamp)
rCold   + . .      Faith    .   (no shield)
rNeg    . . .      Spirit   .   (body armour unavailable)
rPois   .          Reflect  .   (helmet restricted)
rElec   .          Harm     .   (no cloak)
rCorr   .          Rampage  .   m - +0 pair of gloves
Will    .....                   (no boots)
Stlth   ++........              (no amulet)
HPRegen 0.19/turn               (no ring)
MPRegen 0.14/turn               (no ring)

@: about to teleport
A: breathe frost, AC +6, unfitting armour, cold resistance 1, cold-blooded
a: Breathe Frost


You were on level 6 of the Dungeon.
You visited 1 branch of the dungeon, and saw 6 of its levels.

You collected 217 gold pieces.

Inventory:

Hand Weapons
 d - a +0 vampiric dagger (weapon)
Armour
 m - a +0 pair of gloves (worn)
Wands
 b - a wand of roots (16)
Scrolls
 g - a scroll of magic mapping
 l - 2 scrolls of enchant weapon
Potions
 a - a potion of magic
 c - a potion of berserk rage
 e - a potion of might
 f - 2 potions of attraction
 h - a potion of curing
 i - a potion of cancellation
 n - a potion of mutation {unknown}
 o - 3 potions of flight {unknown}


   Skills:
 - Level 1.7 Dodging
 - Level 1.7 Stealth
 + Level 4.8 Spellcasting
 * Level 7.0 Conjurations
 + Level 5.7 Fire Magic
 + Level 4.6 Air Magic


You had 8 spell levels left.
You knew the following spells:

 Your Spells              Type           Power      Damage    Failure   Level
a - Scorch                Fire           46%        2d7       1%          2
c - Flame Wave            Conj/Fire      25%        2d8       11%         4
x - Foxfire               Conj/Fire      100%       2x1d9     1%          1
z - Shock                 Conj/Air       92%        1d8       1%          1

Your spell library contained the following spells:

 Spells                   Type           Power      Damage    Failure   Level
 Conjure Flame            Conj/Fire      25%        6-21      3%          3
 Swiftness                Air            19%        N/A       6%          3
 Inner Flame              Hex/Fire       13%        N/A       14%         3
 Airstrike                Air            9%         2d(2-18)  22%         4


Dungeon Overview and Level Annotations

Branches:
Dungeon (6/15)             Temple (0/1) D:4

Altars:
Ashenzari
Qazlal
Uskayaw
Yredelemnul

Annotations:
D:6 Prince Ribbit


Innate Abilities, Weirdness & Mutations

You can breathe waves of freezing cold which knock back foes.
Your icy white scales are hard. (AC +6)
You cannot fit into any form of body armour.
Your flesh is cold resistant. (rC+)
You are cold-blooded and may be slowed by cold attacks.


Message History

Confirm with . or Enter, or press ? or * to list all spells.
Restarting spell: Flame Wave (dangerous; 11% risk of failure)
Press: ? - help, Dir - look around, f - activate A wave of flame ripples out!
The flame wave engulfs Prince Ribbit!
Prince Ribbit is moderately wounded. (Press . to intensify the flame waves.) Prince Ribbit misses you.
Casting: Flame Wave (dangerous; 11% risk of failure)
Confirm with . or Enter, or press ? or * to list all spells.
Restarting spell: Flame Wave (dangerous; 11% risk of failure)
Press: ? - help, Dir - look around, f - activate A wave of flame ripples out!
The flame wave engulfs Prince Ribbit.
Prince Ribbit is moderately wounded. (Press . to intensify the flame waves.) Prince Ribbit hits you! x2
Prince Ribbit attacks as you move away! Prince Ribbit barely misses you.
Prince Ribbit misses you.
Prince Ribbit blinks!
Prince Ribbit lets out a mournful croak.
You conjure some foxfire!
The foxfire hits Prince Ribbit.
Prince Ribbit is heavily wounded.
Your foxfire dissipates!
Prince Ribbit attacks as you move away!
Prince Ribbit hits you but does no damage.
Prince Ribbit blinks!
You conjure some foxfire!
Prince Ribbit hits you.
Your foxfire dissipates!
The foxfire hits Prince Ribbit!
Prince Ribbit is severely wounded.
Prince Ribbit barely misses you.
You are too injured to fight recklessly!
As you read the scroll of teleportation, it crumbles to dust.
You feel strangely unstable. Prince Ribbit hits you!
* * * LOW HITPOINT WARNING * * *
You closely miss Prince Ribbit.
Prince Ribbit is severely wounded.
Prince Ribbit hits you.
* * * LOW HITPOINT WARNING * * *
Prince Ribbit hits you!
You die...

......# #.# #$.... #.# #
#.... ... #. #...# #.#
#.##.#.# #.# #......#### #.#
###.......# ###### #.#
#...###.## .....# #@#
##.....)... ####.#
#F#####.....##.##
####.###########........##.#
#<..............######### ##
#.##.##########.# ..##.#
##.## .....# ###...#
############.....#
#..55r.....#


You could see Prince Ribbit.

Vanquished Creatures
  A wyvern (D:3)
  Eustachio (D:6)
  2 ice beasts
  2 black bears
  A sky beast (D:5)
  An ogre (D:4)
  A centaur (D:5)
  A phantom (D:5)
  A wyvern zombie (D:5)
  2 water moccasin zombies (D:5)
  A howler monkey (D:5)
  2 bullfrog zombies
  A hound (D:5)
  3 orc priests
  2 jellies
  Terence (D:3)
  A scorpion zombie (D:4)
  Jessica (D:2)
  A centaur skeleton (D:5)
  An iguana (D:4)
  Ijyb (D:3)
  2 orc wizards
  5 hound zombies
  A howler monkey zombie (D:5)
  6 adders
  3 gnolls (D:4)
  2 ufetubi (D:4)
  2 adder zombies
  3 worms
  2 dart slugs (D:4)
  9 orcs
  11 endoplasms
  5 giant cockroaches
  4 goblins
  9 hobgoblins
  6 jackals
  3 quokkas
  12 ball pythons
  2 frilled lizards (D:1)
  5 kobolds
  9 rats
129 creatures vanquished.

Vanquished Creatures (others)
  403 foxfires
  5 fungi (D:6)
  15 plants (D:6)
  A withered plant (D:5)
424 creatures vanquished.

Grand Total: 553 creatures vanquished

Notes
Turn   | Place    | Note
-------+----------+-------------------------------------------
     0 | D:1      | mishael the Draconian Fire Elementalist began the quest for
                  | the Orb.
     0 | D:1      | Reached XP level 1. HP: 14/14 MP: 3/3
   210 | D:1      | Learned a level 1 spell: Shock
   258 | D:1      | Reached XP level 2. HP: 20/20 MP: 3/5
   937 | D:1      | Found a faded altar of an unknown god.
  1284 | D:1      | Reached XP level 3. HP: 18/26 MP: 1/6
  1711 | D:2      | Reached skill level 2 in Conjurations
  2158 | D:2      | Noticed Jessica
  2168 | D:2      | Killed Jessica
  2169 | D:2      | Reached skill level 1 in Air Magic
  2169 | D:2      | Reached XP level 4. HP: 16/33 MP: 2/7
  2804 | D:2      | Found a stormy altar of Qazlal.
  2905 | D:3      | Learned a level 4 spell: Flame Wave
  3049 | D:3      | Noticed Ijyb
  3110 | D:3      | Killed Ijyb
  3264 | D:3      | Reached XP level 5. HP: 38/38 MP: 4/8
  3487 | D:3      | Reached skill level 3 in Conjurations
  3728 | D:3      | Found a broken altar of Ashenzari.
  3729 | D:3      | Noticed Terence
  3733 | D:3      | Learned a level 2 spell: Scorch
  3751 | D:3      | Killed Terence
  4017 | D:4      | Noticed an orc warrior
  4018 | D:4      | Noticed a wyvern
  4056 | D:4      | Reached XP level 6. HP: 24/45 MP: 2/10
  4452 | D:4      | Found a basalt altar of Yredelemnul.
  4667 | D:4      | Noticed a +0 dagger
  4667 | D:4      | Noticed a +0 spear
  4668 | D:4      | Noticed a +0 falchion
  4668 | D:4      | Noticed a +0 dagger
  4669 | D:4      | Noticed a +0 short sword
  4669 | D:4      | Noticed a +0 spear
  4669 | D:4      | Noticed a +0 short sword
  4671 | D:4      | Noticed a +0 falchion
  4673 | D:4      | Found a hide-covered altar of Uskayaw.
  4791 | D:4      | Reached skill level 5 in Fire Magic
  4938 | D:4      | Reached skill level 4 in Conjurations
  5192 | D:4      | Found a staircase to the Ecumenical Temple.
  5248 | D:4      | Noticed a wyvern
  5266 | D:3      | Killed a wyvern
  5267 | D:3      | Your scales start taking on an icy white colour.
  5267 | D:3      | Reached XP level 7. HP: 26/50 MP: 3/12
  5267 | D:3      | Gained mutation: Your flesh is cold resistant. (rC+) [White
                  | Draconian growth]
  5460 | D:5      | Entered Level 5 of the Dungeon
  5645 | D:4      | Reached skill level 5 in Conjurations
  6090 | D:5      | Reached skill level 5 in Fire Magic
  6118 | D:4      | Reached XP level 8. HP: 36/57 MP: 5/13
  7087 | D:5      | Reached skill level 6 in Conjurations
  7845 | D:6      | Noticed Eustachio
  8048 | D:6      | Killed Eustachio
  8166 | D:6      | Reached skill level 7 in Conjurations
  8294 | D:6      | Noticed Prince Ribbit
  8316 | D:6      | Slain by Prince Ribbit

Illustrated notes

Levels and vault maps discovered:
D:1:      dpeg_arrival_ratfight, layout_basic,
          hellmonk_ecumenical_altar_inner_sanctum
D:2:      layout_basic, basic_altar, minmay_misc_feat_hallway, uniq_jessica
D:3:      layout_rooms, ashenzari_conservatory_becter, uniq_ijyb, uniq_terence
D:4:      layout_rooms, nicolae_uskayaw_en_pointe,
          nicolae_yredelemnul_corpse_copse, temple_green, lightli_corner_chamber
D:5:      layout_cave_pools, serial_undead, serial_undead_d, serial_undead_c,
          serial_undead_d, serial_undead_d
D:6:      layout_loops_cross, tgw_fedhas, gammafunk_ghost_grave, serial_shops,
          nicolae_stop_n_shop_2, minmay_ogre_servants, uniq_prince_ribbit1,
          uniq_grinder, uniq_eustachio

Skill      XL: |  1  2  3  4  5  6  7  8 |
---------------+-------------------------+-----
Conjurations   | 2 3 4 5 7 |  7.0
Air Magic      | 1 2 3 4 |  4.6
Fire Magic     | 4 4 5 |  5.7
Spellcasting   | 3 4 |  4.8
Dodging        | |  1.7
Stealth        | |  1.7

Action                   |  1- 3 |  4- 6 |  7- 9 || total
-------------------------+-------+-------+-------++-------
Melee: Unarmed           |    35 |       |       ||    35
       Tailslap          |     7 |    21 |    11 ||    39
       Dagger            |     2 |    35 |    29 ||    66
       Short sword       |       |    57 |    24 ||    81
       Punch             |       |     1 |     2 ||     3
 Cast: Foxfire           |    29 |    75 |   122 ||   226
       Shock             |    39 |    41 |     9 ||    89
       Scorch            |       |    23 |     4 ||    27
       Flame Wave        |       |       |     4 ||     4
 Abil: Breathe Frost     |       |       |     2 ||     2
Evoke: Wand              |       |       |     4 ||     4
  Use: Scroll            |     1 |     8 |     4 ||    13
       Potion            |       |     7 |     3 ||    10
Armor: Skin              |    15 |    47 |    97 ||   159
Dodge: Dodged            |    43 |   117 |   169 ||   329
